Map: Zen LE

Players

antagomiR

  • Race: Protoss Protoss
  • League: Gold
  • Spawn Location: 7:00

BigJustin - Winner!

  • Race: Zerg Zerg
  • Spawn Location: 1:00

VOD

Have the link to the VOD?

Description

Time

  • Played on: April 1, 2020, 6:15 p.m.
  • Length: 2:19
Show
View Real Time Build Order
Export as new Build Order

antagomiR Protoss 

Build Orders:  

Get SALT Encoding   

  12  0:01  Probe  
  13  0:13  Probe  
  14  0:34  Pylon  
  14  0:37  Probe  
  15  0:52  Probe  
  16  1:08  Gateway  
  16  1:15  Pylon  
  16  1:20  Probe  
  17  1:26  Assimilator  
  17  1:30  Assimilator  
  18  1:32  Probe  
  18  1:45  Probe  
  19  1:56  Cybernetics Core  
Show
View Real Time Build Order
Export as new Build Order

BigJustin Zerg - Winner!

Build Orders: Pool First 

Get SALT Encoding   

  12  0:01  Drone  
  13  0:22  Spawning Pool  
  13  0:26  Drone  
  13  0:33  Drone  
  14  0:39  Overlord  
  14  1:09  Zergling x6, Queen  
  19  1:20  Zergling x2  
  20  1:30  Zergling x2  
  21  1:37  Hatchery  
  20  1:49  Zergling x2  
Tags
 
League
Gold
Matchup
PvZ
Opening
Pool First
Replay Pack
20200422
Spawn Locations
Cross Positions
Add a new tag
Caveats
  • Supply blocks, unpowered buildings, or Contaminate may cause inaccurate times.
  • Supply counts are checked every 10 seconds.